 Dungeon Crawl Stone Soup version 0.30-a0-989-g0d87f670db (webtiles) character file.

Game seed: 2706800412837666730

1269 BlueFish the Sneak (level 8, 0/54 HPs)
             Began as an Octopode Fighter on Apr 4, 2023.
             Slain by a phantom (4 damage)
             ... on level 5 of the Dungeon.
             The game lasted 00:08:15 (4114 turns).

BlueFish the Sneak (Octopode Fighter)               Turns: 4114, Time: 00:08:16

Health: 0/54       AC:  1    Str: 18    XL:     8   Next: 53%
Magic:  8/8        EV: 15    Int: 10    God:
Gold:   158        SH:  5    Dex: 17    Spells: 7/7 levels left

rFire   . . .      SeeInvis .      - Unarmed
rCold   . . .      Faith    .    a - +0 buckler
rNeg    . . .      Spirit   .    (helmet restricted)
rPois   +          Reflect  .    (no amulet)
rElec   .          Rampage  .    d - +6 ring of dexterity
rCorr   .                        p - ring of poison resistance
Will    .....                    (no ring)
Stlth   ++++                     (no ring)
HPRegen 0.29/turn                (no ring)
MPRegen 0.11/turn                (no ring)
                                 (no ring)
                                 (no ring)

@: mighty, silenced
A: almost no armour, amphibious, 8 rings, camouflage 1, gelatinous body 1,
(nimble swimmer 1), tentacles
a: no special abilities


You were on level 5 of the Dungeon.
You visited 1 branch of the dungeon, and saw 5 of its levels.

You collected 158 gold pieces.

Inventory:

Missiles
 e - 11 poisoned darts
 f - 19 stones (quivered)
Armour
 a - a +0 buckler (worn)
Jewellery
 d - a +6 ring of dexterity (left tentacle)
 h - an amulet of faith
 p - a ring of poison resistance (right tentacle)
Scrolls
 c - a scroll of silence
 g - a scroll of vulnerability {unknown}
 i - a scroll of blinking {unknown}
 j - 2 scrolls of teleportation {unknown}
 k - a scroll of acquirement {unknown}
 l - a scroll of noise {unknown}
 r - a scroll of butterflies {unknown}
 s - a scroll of amnesia {unknown}
 t - a scroll of fog {unknown}
Potions
 m - 2 potions of brilliance
 n - a potion of cancellation
 o - a potion of resistance {unknown}
 q - 2 potions of degeneration {unknown}
 u - a potion of heal wounds {unknown}
 v - a potion of haste {unknown}


   Skills:
 + Level 4.7 Fighting
 + Level 3.3 Throwing
 + Level 4.8 Dodging
 * Level 7.7 Stealth
 + Level 4.7 Shields
 + Level 4.1 Unarmed Combat


You had 7 spell levels left.
You didn't know any spells.
Your spell library contained the following spells:

 Spells                   Type           Power      Damage    Failure   Level
 Ensorcelled Hibernation  Hex/Ice        0%         N/A       58%         2
 Passwall                 Tmut/Erth      0%         N/A       58%         2
 Swiftness                Air            0%         N/A       82%         3


Dungeon Overview and Level Annotations

Branches:
Dungeon (5/15)
 Temple: D:4-7

Altars:
Cheibriados
Fedhas
Okawaru
Qazlal
Sif Muna
Zin

Shops:
D:2 =   D:3 (   D:4 [*

Annotations:
D:5 exclusion: phantom


Innate Abilities, Weirdness & Mutations

You cannot wear most types of armour.
You are amphibious.
You can wear up to eight rings at the same time.
Your skin changes colour to match your surroundings (Stealth+).
Your rubbery body absorbs attacks. (AC +1, EV +1)
((You are camouflaged when in or above water. (Stealth+)))
You have tentacles for arms and can constrict up to eight enemies at once.


Message History

The phantom hits you.
The phantom blinks!
You blink.
Found an iron altar of Okawaru.
You tentacle-slap the phantom. You squeeze the phantom.
You destroy the phantom!
As you read the scroll labelled YSHO QYUSI, it crumbles to dust.
A profound silence engulfs you.
It was a scroll of silence.
The sleepcap barely misses you.
You tentacle-slap the sleepcap. You grab the sleepcap.
You squeeze the sleepcap, but do no damage.
The sleepcap is moderately damaged.
You constrict the sleepcap. The sleepcap barely misses you.
You release your grip on the sleepcap.
The orc barely misses you. The sleepcap closely misses you.
The sleepcap attacks as you move away! The sleepcap releases spores at you!
* * * LOW HITPOINT WARNING * * *
The orc misses you. The sleepcap attacks as you move away!
The sleepcap releases spores at you.
* * * LOW HITPOINT WARNING * * *
The orc attacks as you move away! The orc closely misses you.
The sleepcap attacks as you move away! The sleepcap barely misses you.
You feel very mighty all of a sudden. The orc closely misses you.
You bludgeon the orc!
You kill the orc!
You bludgeon the sleepcap! You grab the sleepcap.
You tentacle-slap the sleepcap!
The sleepcap is almost destroyed.
You constrict the sleepcap. The sleepcap releases spores at you.
* * * LOW HITPOINT WARNING * * *
You are engulfed in a cloud of soporific spores!
You fall asleep.
You lose your grip on the sleepcap.
The sleepcap releases spores at you!
You wake up.
* * * LOW HITPOINT WARNING * * *
You bludgeon the sleepcap!
You destroy the sleepcap!
You tentacle-slap the phantom.
The phantom is lightly damaged.
The phantom hits you.
You die...

#.......######.##
#........#####..##
###...............
#..###....#.###
##.######†..###
####..#[..)....?#
.....##..#.#..##
#.##..#Wo..#..##
#.....@##.._.#.
#.#.##..#######.
##..# .# #... #
.### .# #


You could see a phantom and an orc.

Vanquished Creatures
  Sigmund (D:3)
  3 black bears
  An ogre (D:4)
  3 phantoms
  2 wights (D:4)
  A killer bee (D:5)
  5 orc priests
  A sleepcap (D:5)
  An iguana (D:4)
  3 orc wizards
  3 adders
  A worm (D:2)
  2 dart slugs
  16 orcs
  4 ball pythons
  6 endoplasms
  5 giant cockroaches
  6 goblins
  6 hobgoblins
  2 kobolds
  4 quokkas
  5 bats
  5 frilled lizards
  2 rats
88 creatures vanquished.

Notes
Turn   | Place    | Note
-------+----------+-------------------------------------------
     0 | D:1      | BlueFish the Octopode Fighter began the quest for the Orb.
     0 | D:1      | Reached XP level 1. HP: 16/16 MP: 1/1
   239 | D:1      | Reached skill level 1 in Stealth
   239 | D:1      | Reached XP level 2. HP: 21/21 MP: 2/2
   519 | D:2      | Reached skill level 2 in Stealth
   529 | D:2      | Reached XP level 3. HP: 11/26 MP: 3/3
   601 | D:2      | Found Fiuzunin's Jewellery Shoppe.
  1134 | D:3      | Noticed Sigmund
  1142 | D:3      | Killed Sigmund
  1143 | D:3      | Reached skill level 1 in Throwing
  1143 | D:3      | Reached skill level 4 in Stealth
  1143 | D:3      | Reached XP level 4. HP: 27/32 MP: 4/4
  1143 | D:3      | Reached XP level 5. HP: 30/36 MP: 5/5
  1252 | D:3      | Identified the +3 falchion of Dutacwoc {pain, rC+ rN+ SInv}
  1269 | D:3      | Found Voafin's Weapon Boutique.
  1318 | D:3      | Found a blossoming altar of Fedhas.
  1681 | D:3      | Found a stormy altar of Qazlal.
  1683 | D:3      | Found a glowing silver altar of Zin.
  1683 | D:3      | You fall into a shaft and drop 2 floors!
  1683 | D:5      | Entered Level 5 of the Dungeon
  1694 | D:5      | Noticed a phantom
  1846 | D:3      | Found a shimmering blue altar of Sif Muna.
  1846 | D:3      | Found a snail-covered altar of Cheibriados.
  2113 | D:3      | Reached XP level 6. HP: 43/43 MP: 6/6
  2414 | D:4      | Reached skill level 5 in Stealth
  2472 | D:4      | Found Tygacok's Fire Supplies.
  2572 | D:4      | Reached XP level 7. HP: 16/48 MP: 7/7
  2576 | D:4      | HP: 2/48 [orc/+0 trident (5)]
  3119 | D:4      | Reached skill level 6 in Stealth
  3427 | D:4      | Found Sig Ong's Armour Shop.
  3550 | D:5      | Reached XP level 8. HP: 45/54 MP: 8/8
  3909 | D:5      | Reached skill level 7 in Stealth
  4101 | D:5      | Found an iron altar of Okawaru.
  4114 | D:5      | Slain by a phantom

Illustrated notes

Levels and vault maps discovered:
D:1:      zelgadis_glass_arrival_small, layout_basic, minivault_24
D:2:      layout_rooms, serial_shops, nicolae_shop_trees
D:3:      layout_basic, grunt_temple_overflow_open, marbit_many_paths,
          serial_shops, nicolae_diamond_shop, uniq_sigmund
D:4:      layout_basic, serial_shops, shop, serial_glass, glass_columns_c,
          glass_columns_a, glass_columns_c, glass_columns_b, glass_columns_b,
          glass_columns_a, nicolae_shop_fire_sale [nicolae_sub_dead_trees]
D:5:      layout_basic, overflow_temple_1_default,
          minmay_temple_entry_nine_rooms, serial_park_tiny_1,
          minmay_ruined_shrine

Skill      XL: |  1  2  3  4  5  6  7  8 |
---------------+-------------------------+-----
Stealth        | 1 2 4 5 6 7 |  7.7
Throwing       | 1 2 3 |  3.3
Unarmed Combat | 3 4 |  4.1
Fighting       | 4 |  4.7
Dodging        | 4 |  4.8
Shields        | 4 |  4.7

Action                     |  1- 3 |  4- 6 |  7- 9 || total
---------------------------+-------+-------+-------++-------
  Melee: Unarmed           |    85 |    74 |    93 ||   252
         Constrict         |    21 |    18 |    22 ||    61
         Tentacles         |    19 |    15 |    21 ||    55
         Punch             |     1 |     1 |     3 ||     5
  Throw: Stone             |       |     3 |     1 ||     4
    Use: Scroll            |     2 |     1 |     1 ||     4
         Potion            |       |     2 |     2 ||     4
   Stab: Sleeping          |     9 |     9 |     3 ||    21
         Distracted        |       |       |     1 ||     1
 Armour: Skin              |     2 |       |     9 ||    11
  Dodge: Dodged            |    33 |    48 |    47 ||   128
  Block: Buckler           |    13 |    17 |    16 ||    46

Table legend: (Time is in decaauts)
 A = Elapsed time spent in this place.
 B = Non-inter-level travel time spent in this place.
 C = Inter-level travel time spent in this place.
 D = Time resting spent in this place.
 E = Time spent auto-exploring this place.
 F = Levels seen in this place.
 G = Mean time per level.
                   A        B        C        D        E       F      G
               +--------+--------+--------+--------+--------+-----+--------+
         Total |   4109 |   4041 |     68 |     10 |   3118 |   5 |  821.8 |
       Dungeon |   4109 |   4041 |     68 |     10 |   3118 |   5 |  821.8 |
               +--------+--------+--------+--------+--------+-----+--------+

Top non-repeatable levels by time:
     D:4: 1367 daAuts
     D:3: 1010 daAuts
     D:5: 651 daAuts
     D:2: 576 daAuts
     D:1: 503 daAuts
